Map: Tacit Sanctity LE

Players

Wlodziu - Winner!

  • Race: Zerg Zerg
  • Spawn Location: 6:00

Iceberg - Winner!

  • Race: Protoss Protoss
  • Spawn Location: 9:00

Leon - Winner!

  • Race: Zerg Zerg
  • League: Gold
  • Spawn Location: 7:00

DarthTyranus

  • Race: Terran Terran
  • Spawn Location: 3:00

MidNight

  • Race: Protoss Protoss
  • Spawn Location: 1:00

pryme

  • Race: Protoss Protoss
  • Spawn Location: 12:00

VOD

Have the link to the VOD?

Description

Time

  • Played on: March 22, 2026, 6:41 a.m.
  • Length: 13:28
Show
View Real Time Build Order
Export as new Build Order

Wlodziu Zerg - Winner!

Build Orders: Hatch First 

Get SALT Encoding   

  12  0:02  Drone  
  13  0:09  Drone  
  13  0:12  Extractor  
  13  0:15  Drone  
  15  0:22  Overlord  
  16  0:50  Drone x3  
  18  1:06  Drone  
  18  1:08  Extractor  
  18  1:14  Hatchery  
  18  1:15  Spawning Pool  
  18  1:17  Drone  
  17  1:24  Drone  
  18  1:33  Drone  
  19  1:47  Overlord  
  19  2:04  Queen  
  19  2:06  Zergling x2  
  19  2:07  Zergling x2  
  23  2:14  Roach Warren  
  22  2:20  Drone  
  23  2:27  Queen  
  25  2:35  Drone x2  
  27  2:41  Lair  
  27  2:46  Drone x2  
  29  2:52  Extractor  
  29  2:57  Drone x2  
  30  3:03  Roach x2  
  34  3:10  Drone  
  35  3:13  Drone  
  35  3:16  Overlord  
  36  3:38  Roach x4  
  36  3:40  Overlord  
  36  3:41  Overlord  
  44  3:47  Glial Reconstitution  
  44  3:55  Extractor  
  44  3:56  Drone  
  44  3:57  Overlord  
  44  4:00  Roach  
  46  4:08  Ravager  
  47  4:25  Roach x4  
  55  4:32  Overlord  
  55  4:33  Overlord  
  55  4:34  Ravager  
  56  4:55  Spore Crawler  
  55  5:00  Spore Crawler  
  55  5:03  Spore Crawler  
  55  5:04  Queen  
  55  5:19  Overseer  
  55  5:56  Drone  
  56  5:57  Drone x16  
  72  6:11  Pneumatized Carapace  
  67  7:08  Roach x4  
  70  7:24  Spore Crawler  
  70  7:28  Extractor  
  70  7:29  Spine Crawler  
  67  7:42  Spine Crawler  
  66  7:47  Spine Crawler, Drone  
  66  7:48  Drone x7  
  73  7:56  Hydralisk Den  
  72  8:00  Evolution Chamber x2  
  70  8:21  Hatchery  
  69  8:29  Hydralisk  
  69  8:30  Hydralisk x2  
  54  9:06  Roach x6  
  66  9:11  Muscular Augments  
  66  9:12  Zerg Missile Weapons Level 1  
  66  9:13  Zerg Ground Armor Level 1  
  66  9:29  Spore Crawler  
  65  9:34  Spore Crawler, Overlord x3  
  65  9:35  Hydralisk  
  66  9:49  Drone x3  
  66  9:50  Drone x3  
  72  10:00  Infestation Pit  
  71  10:07  Extractor  
  71  10:08  Drone  
  71  10:09  Drone, Extractor, Queen  
  73  10:15  Grooved Spines  
  73  10:22  Overlord x3  
  73  10:26  Drone x3  
  73  10:27  Drone x4  
  80  10:33  Drone x5  
  85  10:39  Hive  
  85  11:03  Hydralisk  
  85  11:04  Hydralisk x9  
  105  11:36  Hydralisk  
  105  11:37  Hydralisk x7  
  105  11:38  Hydralisk x4  
  129  12:03  Metabolic Boost  
  129  12:07  Drone  
  130  12:17  Overlord  
  130  12:22  Hatchery  
  125  13:02  Hydralisk x6  
  125  13:04  Unknown  
  125  13:05  Overlord x4  
  137  13:06  Overlord x2  
Show
View Real Time Build Order
Export as new Build Order

Iceberg Protoss - Winner!

Build Orders: Nexus First 

Get SALT Encoding   

  12  0:00  Probe  
  13  0:15  Probe  
  14  0:23  Pylon  
  14  0:27  Probe  
  15  0:37  Probe  
  16  0:45  Probe  
  17  1:05  Probe, Nexus  
  18  1:13  Probe  
  19  1:21  Probe  
  20  1:33  Probe  
  21  1:46  Probe, Nexus  
  22  1:55  Pylon  
  22  1:58  Probe  
  23  2:04  Assimilator  
  23  2:10  Assimilator  
  23  2:13  Probe  
  24  2:16  Probe  
  25  2:24  Probe  
  26  2:31  Gateway  
  26  2:34  Probe  
  26  2:36  Probe  
  28  2:43  Probe  
  28  2:48  Probe  
  28  2:49  Assimilator  
  28  2:51  Probe, Assimilator  
  30  2:55  Probe  
  31  3:00  Probe x2  
  31  3:03  Probe  
  35  3:13  Probe x2  
  37  3:21  Probe, Cybernetics Core  
  37  3:25  Probe x2  
  40  3:33  Probe  
  41  3:37  Probe  
  41  3:39  Probe  
  41  3:41  Assimilator  
  43  3:44  Assimilator  
  43  3:46  Probe  
  44  3:49  Probe  
  44  3:52  Probe  
  46  3:58  Stargate  
  46  4:00  Probe  
  46  4:01  Stargate  
  46  4:03  Probe, Pylon  
  46  4:04  Probe  
  46  4:08  Probe  
  49  4:15  Pylon, Probe  
  49  4:16  Probe  
  52  4:19  Pylon  
  52  4:21  Probe  
  53  4:27  Probe  
  53  4:28  Probe  
  55  4:33  Probe  
  56  4:39  Probe  
  56  4:40  Probe  
  62  4:45  Void Ray  
  62  4:47  Void Ray  
  62  4:51  Fleet Beacon  
  66  5:05  Stargate  
  66  5:07  Stargate  
  66  5:08  Protoss Air Weapons Level 1  
  66  5:15  Cybernetics Core  
  60  5:27  Flux Vanes  
  46  5:35  Void Ray  
  52  5:36  Void Ray  
  52  5:45  Probe x2  
  54  5:57  Probe x2  
  56  6:04  Nexus  
  56  6:08  Assimilator  
  56  6:09  Probe x2  
  58  6:14  Forge  
  58  6:18  Void Ray  
  62  6:20  Pylon  
  62  6:21  Probe x2  
  62  6:22  Pylon  
  64  6:33  Probe x2  
  66  6:41  Probe  
  66  6:43  Probe  
  76  6:47  Void Ray x2  
  76  6:50  Probe  
  76  6:51  Probe  
  81  6:59  Void Ray  
  81  7:00  Probe  
  82  7:07  Pylon  
  83  7:09  Probe  
  83  7:11  Pylon  
  84  7:22  Void Ray  
  88  7:26  Probe  
  88  7:29  Probe  
  90  7:30  Probe  
  99  7:40  Void Ray x2  
  99  7:42  Probe x2  
  105  7:54  Probe  
  105  7:55  Probe x2  
  105  7:56  Void Ray  
  108  8:03  Protoss Air Weapons Level 2  
  108  8:04  Protoss Air Armor Level 1  
  108  8:05  Void Ray  
  112  8:07  Probe x3  
  115  8:16  Forge  
  115  8:19  Probe x2  
  117  8:25  Protoss Shields Level 1  
  117  8:33  Pylon  
  117  8:34  Pylon  
  117  8:35  Pylon  
  117  8:36  Pylon  
  117  8:37  Pylon  
  117  8:42  Stargate  
  117  8:44  Stargate  
  117  8:51  Probe x2  
  117  8:55  Probe  
  128  9:03  Probe  
  128  9:07  Void Ray  
  128  9:08  Void Ray x2  
  133  9:22  Probe x2  
  133  9:23  Probe  
  136  9:27  Nexus  
  136  9:34  Probe  
  136  9:35  Probe x2  
  151  9:39  Void Ray x2  
  151  9:40  Void Ray  
  151  9:51  Pylon  
  151  9:52  Pylon  
  151  9:55  Pylon  
  151  9:56  Pylon x2  
  151  9:57  Pylon  
  151  9:58  Pylon  
  155  10:00  Void Ray  
  155  10:01  Assimilator  
  155  10:05  Assimilator  
  155  10:11  Protoss Air Armor Level 2  
  163  10:15  Void Ray  
  163  10:16  Void Ray  
  167  10:24  Void Ray  
  167  10:27  Void Ray  
  171  10:34  Protoss Air Weapons Level 3  
  171  10:37  Twilight Council  
  171  10:52  Probe x4  
  175  11:04  Probe x4  
  195  11:13  Void Ray x2  
  195  11:14  Void Ray  
  195  11:16  Void Ray  
  199  11:28  Void Ray  
  155  12:25  Void Ray x3  
  155  12:26  Void Ray x3  
Show
View Real Time Build Order
Export as new Build Order

Leon Zerg - Winner!

Build Orders: 3 Hatch before Pool 

Get SALT Encoding   

  12  0:01  Drone  
  13  0:14  Drone  
  13  0:17  Overlord  
  14  0:35  Drone x2  
  16  0:37  Drone  
  17  0:54  Hatchery  
  17  1:08  Drone, Hatchery  
  17  1:11  Drone  
  17  1:13  Extractor  
  17  1:20  Spawning Pool  
  16  1:37  Drone x3  
  19  1:48  Drone  
  20  2:06  Overlord  
  20  2:11  Roach Warren  
  20  2:12  Zergling x2  
  20  2:20  Zergling x2  
  20  2:22  Queen x2  
  25  2:35  Drone  
  25  2:36  Drone x2  
  28  2:39  Extractor  
  27  2:51  Drone x2  
  27  2:58  Roach x2  
  33  3:03  Drone  
  34  3:10  Roach  
  36  3:16  Overlord  
  36  3:17  Overlord  
  36  3:38  Roach x6  
  48  3:41  Roach  
  50  3:51  Drone, Overlord  
  50  3:55  Drone  
  52  4:09  Overlord  
  52  4:11  Drone x2  
  52  4:12  Drone x2  
  52  4:14  Drone  
  57  4:24  Roach  
  57  4:27  Overlord  
  57  4:29  Roach  
  61  4:31  Roach  
  61  4:38  Ravager  
  64  4:58  Overlord  
  64  4:59  Roach  
  66  5:00  Roach x5  
  66  5:04  Overlord  
  76  5:09  Spore Crawler  
  75  5:24  Spore Crawler  
  75  5:27  Lair  
  73  6:01  Drone x4  
  73  6:03  Roach x6  
  73  6:04  Roach  
  91  6:07  Overlord  
  91  6:10  Overlord  
  91  6:21  Extractor  
  91  6:25  Overlord  
  52  7:38  Overseer, Extractor  
  47  7:50  Drone x2  
  47  7:51  Drone x3  
  52  8:01  Drone x2  
  52  8:02  Drone x4  
  58  8:06  Infestation Pit  
  58  8:12  Hatchery  
  56  8:14  Drone x8  
  56  8:18  Pneumatized Carapace  
  64  8:56  Extractor  
  64  8:58  Extractor  
  62  9:15  Hive  
  62  9:25  Queen  
  62  9:27  Drone x11  
  62  9:28  Drone x3  
  78  9:47  Hatchery  
  78  9:49  Roach x5  
  78  9:50  Roach x4  
  95  9:55  Ravager  
  95  9:56  Ravager x5  
  101  10:06  Queen  
  103  10:08  Overlord x2  
  103  10:09  Overlord x3  
  103  10:17  Drone  
  103  10:18  Drone x7  
  111  10:40  Ultralisk Cavern  
  110  10:55  Evolution Chamber  
  110  10:56  Evolution Chamber  
  108  11:07  Queen  
  110  11:18  Drone x5  
  115  11:28  Ultralisk x8  
  115  11:32  Overlord x2  
  163  11:33  Overlord x2  
  163  11:34  Overseer, Unknown  
  162  11:53  Queen  
  152  12:02  Drone  
  152  12:03  Drone x5  
  152  12:05  Ultralisk  
  152  12:06  Ultralisk x4  
  188  12:35  Overlord  
  188  12:36  Overlord x3  
Show
View Real Time Build Order
Export as new Build Order

DarthTyranus Terran 

Build Orders: Mech 

Get SALT Encoding   

  12  0:19  SCV  
  13  0:25  Supply Depot  
  13  0:26  Refinery  
  13  0:30  Refinery  
  13  0:33  SCV  
  14  0:54  Barracks  
  14  0:55  SCV  
  15  1:07  SCV  
  16  1:20  SCV  
  17  1:45  Factory  
  17  1:48  Supply Depot  
  17  2:20  Command Center  
  17  2:40  Orbital Command  
  17  2:41  Factory Tech Lab  
  17  2:59  Siege Tank  
  20  3:31  Engineering Bay  
  20  3:35  Orbital Command  
  20  3:38  Siege Tank  
  23  3:42  Refinery  
  23  3:48  SCV  
  24  4:00  SCV  
  24  4:01  Sensor Tower  
  25  4:10  Cyclone  
  28  4:32  Neosteel Armor  
  28  4:33  Starport  
  28  4:37  SCV  
  29  4:50  SCV  
  30  5:02  SCV  
  31  5:11  Factory  
  31  5:14  SCV  
  32  5:15  Starport Reactor  
  32  5:26  SCV  
  33  5:29  Command Center  
  33  5:38  SCV  
  34  5:47  Starport  
  34  5:49  Armory  
  34  5:53  Armory  
  34  5:55  Factory Tech Lab  
  34  6:06  Factory, Viking x2  
  38  6:14  Siege Tank  
  41  6:34  Starport Reactor  
  41  6:43  Terran Vehicle Weapons Level 1, Terran Vehicle And Ship Armor Level 1  
  40  7:10  Factory Tech Lab  
  40  7:15  Armory  
  40  7:35  Thor  
  46  7:49  Siege Tank x2  
  52  8:02  Refinery  
  52  8:05  SCV  
  53  8:08  SCV  
  54  8:15  Terran Ship Weapons Level 1  
  54  8:17  SCV  
  55  8:20  SCV  
  55  8:21  Siege Tank  
  55  8:25  Viking  
  61  8:36  Supply Depot  
  61  8:39  Smart Servos, Supply Depot  
  61  8:57  Viking  
  61  8:58  SCV x2  
  65  9:10  SCV x2, Refinery  
  67  9:22  SCV x2  
  67  9:23  Refinery  
  69  9:26  Supply Depot  
  69  9:29  Supply Depot  
  69  9:34  SCV x2  
  71  9:39  Sensor Tower  
  71  9:46  SCV  
  71  9:48  Thor x2  
  84  10:00  Barracks Reactor, Terran Vehicle And Ship Armor Level 2  
  84  10:14  Planetary Fortress  
  84  10:19  Thor  
  90  10:51  SCV  
  90  10:52  Sensor Tower  
  91  10:57  Viking  
  93  11:11  Terran Vehicle Weapons Level 2  
  93  11:32  SCV  
  93  11:53  Supply Depot  
  93  12:14  Viking x2  
  93  12:15  SCV, Widow Mine  
  100  12:17  Thor  
  100  12:19  Viking x2  
  101  12:34  SCV  
  101  12:36  Widow Mine  
  101  12:37  Supply Depot  
  75  12:44  Viking x2  
  75  12:46  SCV  
  75  12:49  Viking x2  
  84  12:58  Widow Mine  
Show
View Real Time Build Order
Export as new Build Order

MidNight Protoss 

Build Orders:  

Get SALT Encoding   

  12  0:10  Probe  
  12  0:14  Pylon  
  13  0:34  Gateway  
  13  0:41  Probe  
  14  0:54  Probe  
  15  1:03  Probe  
  15  1:09  Pylon  
  15  1:11  Probe  
  16  1:13  Assimilator  
  17  1:20  Probe  
  18  1:29  Forge  
  18  1:32  Probe  
  19  1:38  Assimilator  
  19  1:42  Cybernetics Core  
  19  1:44  Probe  
  20  1:49  Pylon  
  20  1:56  Probe  
  21  2:08  Probe  
  22  2:20  Photon Cannon, Probe  
  23  2:23  Photon Cannon  
  23  2:34  Stargate  
  23  3:00  Nexus  
  23  3:05  Probe  
  24  3:13  Probe  
  25  3:22  Probe  
  26  3:31  Probe  
  30  3:37  Void Ray  
  30  3:39  Probe  
  32  3:48  Probe  
  33  4:00  Probe  
  34  4:13  Probe  
  35  4:21  Protoss Shields Level 1  
  39  4:25  Void Ray  
  39  4:30  Probe  
  39  4:38  Probe  
  40  4:39  Assimilator  
  40  4:42  Protoss Air Weapons Level 1  
  40  4:43  Assimilator  
  41  4:47  Probe  
  43  5:00  Probe  
  43  5:03  Void Ray  
  47  5:10  Pylon  
  47  5:11  Probe  
  48  5:19  Probe  
  48  5:27  Probe  
  50  5:38  Probe  
  50  5:41  Void Ray  
  55  5:43  Fleet Beacon  
  55  5:47  Pylon  
  55  5:50  Pylon, Probe  
  55  5:52  Pylon  
  55  5:54  Pylon  
  56  6:22  Nexus  
  56  6:24  Void Ray  
  60  6:26  Pylon  
  60  6:28  Probe  
  60  6:29  Pylon  
  60  6:30  Pylon  
  61  6:34  Assimilator  
  61  6:36  Probe  
  61  6:38  Assimilator  
  61  6:46  Probe  
  63  6:58  Probe  
  64  7:04  Flux Vanes  
  64  7:07  Void Ray  
  68  7:10  Probe  
  69  7:33  Protoss Air Weapons Level 2  
  69  7:50  Void Ray  
  69  8:11  Nexus  
  69  8:24  Pylon  
  69  8:33  Void Ray  
  73  8:42  Twilight Council  
  73  8:51  Stargate  
  73  8:54  Stargate  
  73  9:16  Void Ray  
  77  9:19  Photon Cannon  
  77  9:22  Photon Cannon  
  77  9:24  Photon Cannon x2  
  77  9:27  Photon Cannon  
  77  9:29  Pylon  
  77  9:30  Protoss Shields Level 2  
  77  9:38  Void Ray  
  77  9:39  Void Ray  
  85  9:49  Void Ray  
  85  9:59  Protoss Air Weapons Level 3  
  89  10:18  Void Ray x2  
  101  10:32  Void Ray  
  109  11:01  Void Ray x2  
  113  11:11  Pylon  
  113  11:13  Pylon  
  113  11:14  Pylon  
  113  11:15  Void Ray  
  113  11:18  Pylon  
  113  11:19  Pylon  
  113  11:22  Pylon  
  113  11:24  Pylon  
  121  11:44  Void Ray x2  
  125  11:55  Void Ray  
  69  12:17  Void Ray x2  
  65  12:25  Oracle  
Show
View Real Time Build Order
Export as new Build Order

pryme Protoss 

Build Orders: 1 Gate Expand, Dark Templar Rush 

Get SALT Encoding   

  1  0:00  Probe  
  12  0:06  Probe  
  14  0:19  Pylon  
  14  0:20  Probe  
  15  0:37  Probe  
  15  0:40  Gateway  
  16  0:46  Assimilator  
  17  0:50  Probe  
  17  1:02  Probe  
  18  1:14  Probe  
  19  1:26  Probe  
  19  1:27  Cybernetics Core  
  20  1:38  Probe  
  21  1:42  Nexus  
  21  1:50  Assimilator  
  21  1:53  Probe  
  22  1:58  Pylon  
  22  2:10  Warp Gate  
  22  2:11  Probe  
  22  2:12  Twilight Council  
  23  2:19  Pylon  
  23  2:23  Probe  
  24  2:35  Probe  
  25  2:38  Gateway  
  25  2:47  Probe  
  25  2:51  Dark Shrine  
  26  2:59  Robotics Facility  
  26  3:00  Probe  
  26  3:03  Probe  
  28  3:12  Probe  
  29  3:18  Gateway  
  29  3:28  Gateway  
  29  3:34  Probe  
  29  3:35  Probe  
  29  3:37  Forge  
  29  3:40  Assimilator  
  31  3:42  Warp Prism  
  31  3:46  Probe  
  34  4:00  Gateway  
  34  4:13  Photon Cannon  
  34  4:16  Photon Cannon  
  34  4:20  Pylon  
  34  4:26  Dark Templar  
  34  4:27  Dark Templar  
  38  4:32  Dark Templar  
  40  4:42  Probe x2  
  42  4:49  Assimilator  
  42  4:53  Pylon  
  42  4:54  Probe x2  
  44  5:06  Probe x2  
  46  5:13  Dark Templar x3  
  46  5:53  Probe x2  
  48  6:05  Probe x2  
  50  6:17  Probe x2  
  50  6:18  Dark Templar x4  
  58  6:19  Dark Templar  
  52  6:55  Charge  
  52  6:57  Dark Templar x2  
  52  6:58  Dark Templar  
  58  7:06  Probe x2  
  60  7:12  Pylon  
  60  7:14  Pylon  
  60  7:17  Pylon  
  60  7:18  Gateway, Probe x2  
  60  7:20  Gateway  
  60  7:21  Gateway  
  62  7:22  Gateway  
  62  7:26  Dark Templar x2  
  66  7:30  Probe  
  66  7:31  Probe  
  66  7:40  Shadow Stride  
  66  7:42  Probe  
  66  7:43  Probe  
  68  7:47  Gateway  
  68  7:48  Gateway  
  68  7:55  Probe x2  
  70  8:05  Nexus  
  70  8:08  Dark Templar  
  70  8:09  Dark Templar x2  
  76  8:13  Zealot x3  
  76  8:19  Protoss Ground Weapons Level 1  
  82  8:24  Forge  
  82  8:29  Pylon  
  82  8:30  Forge  
  82  8:35  Pylon  
  76  8:51  Dark Templar  
  76  8:52  Dark Templar x2  
  59  9:02  Probe  
  59  9:03  Probe  
  59  9:08  Pylon  
  59  9:09  Pylon  
  60  9:10  Pylon  
  60  9:15  Probe x2  
  62  9:17  Photon Cannon  
  62  9:18  Photon Cannon  
  62  9:27  Probe x2, Shield Battery  
  62  9:29  Shield Battery  
  62  9:31  Photon Cannon  
  64  9:32  Photon Cannon  
  64  9:35  Zealot x3  
  64  9:36  Zealot x2  
  74  9:39  Probe x2  
  74  9:41  Pylon  
  74  9:42  Pylon  
  76  9:51  Probe x2  
  78  9:53  Protoss Ground Armor Level 1  
  78  9:54  Protoss Shields Level 1  
  78  9:59  Probe, Zealot x2  
  82  10:00  Zealot x2, Probe  
  82  10:03  Probe  
  89  10:07  Probe  
  89  10:08  Probe  
  91  10:22  Dark Templar  
  91  10:25  Dark Templar  
  91  10:26  Nexus  
  95  10:29  Assimilator  
  95  10:33  Assimilator  
  95  10:41  Dark Templar x3  
  101  10:44  Archon  
  101  10:45  Archon  
  101  11:02  Nexus  
  101  11:05  Dark Templar x3  
  101  11:08  Dark Templar  
  109  11:13  Archon x2  
  109  11:23  Dark Templar x3  
  115  11:37  Assimilator  
  113  11:42  Assimilator  
  91  11:52  Assimilator  
  91  11:53  Stalker x2  
  91  11:54  Stalker x2  
  82  11:55  Stalker x2  
  82  11:56  Stalker x3  
  80  12:16  Pylon  
  80  12:18  Pylon  
  80  12:20  Pylon  
  80  12:22  Stalker x2  
  79  12:23  Stalker x3  
Tags
 
Add a new tag
Caveats
  • Supply blocks, unpowered buildings, or Contaminate may cause inaccurate times.
  • Supply counts are checked every 10 seconds.